 Dungeon Crawl Stone Soup version 0.26.0-10-g1f06aea511 (webtiles) character file.

Game seed: 8139357126317316301

11002 Dani the Cleaver (level 11, -1/89 (97) HPs)
             Began as a Minotaur Fighter on Feb 5, 2021.
             Was a Plaything of Xom.
             Slain by a blink frog (5 damage)
             ... on level 1 of the Lair of Beasts.
             The game lasted 00:19:45 (45484 turns).

Dani the Cleaver (Minotaur Fighter)                Turns: 45484, Time: 00:19:46

HP:   -1/89 (97)    AC: 19    Str: 23    XL:     11   Next: 43%
MP:   11/11         EV: 14    Int:  6    God:    Xom [......]
Gold: 703           SH: 17    Dex: 10    Spells: 10/10 levels left

rFire    + + .     SeeInvis .   O - +6 hand axe (freeze)
rCold    . . .     Faith    .   c - +0 kite shield
rNeg     . . .     Spirit   .   v - +0 chain mail
rPois    +         Reflect  .   (helmet restricted)
rElec    .         Harm     .   t - +0 cloak
rCorr    .         Rampage  .   U - +1 pair of gloves
Will     ++++.                  k - +1 pair of boots
Stlth    ..........             y - amulet of magic regeneration
HPRegen  0.24/turn              z - +4 ring of evasion
MPRegen  0.37/turn              j - ring "Lonafumn" {rF+ Will+}

@: berserk cooldown, slowed, drained, very slow
A: retaliatory headbutt, horns 2, large bone plates 2, yellow scales 1, blink,
fire resistance 1, high mp 1, strong-willed 3, poison resistance, evolution 2,
MP-powered wands
a: Blink, Renounce Religion


You were on level 1 of the Lair of Beasts.
You worshipped Xom.
You were a very special plaything of Xom.
You visited 3 branches of the dungeon, and saw 13 of its levels.

You collected 703 gold pieces.

Inventory:

Hand Weapons
 a - a +0 war axe
 i - a +4 hand axe of freezing
   (You took it off a wight on level 6 of the Dungeon)
 s - a +0 broad axe
   (Xom gifted it to you on level 8 of the Dungeon)
 w - a +5 morningstar
   (You took it off a wight on level 6 of the Dungeon)
 L - a +2 whip of electrocution
   (You took it off Pikel on level 7 of the Dungeon)
 O - a +6 hand axe of freezing (weapon)
   (You took it off a wight on level 7 of the Dungeon)
Armour
 b - a +0 scale mail
 c - a +0 kite shield (worn)
 k - a +1 pair of boots (worn)
   (You found it on level 1 of the Dungeon)
 t - a +0 cloak (worn)
   (You found it on level 2 of the Dungeon)
 v - a +0 chain mail (worn)
   (You found it on level 3 of the Dungeon)
 x - a +0 pair of gloves
   (You found it on level 4 of the Dungeon)
 E - the +1 leather armour of Disaster {Int+3}
   (You found it on level 5 of the Dungeon)

   It affects your intelligence (+3).
 U - a +1 pair of gloves (worn)
   (You found it on level 10 of the Dungeon)
Jewellery
 j - the ring "Lonafumn" (right hand) {rF+ Will+}
   (You found it on level 8 of the Dungeon)

   [ring of protection from fire]

   It protects you from fire.
   It affects your willpower, your defense against some magical effects.
 y - an amulet of magic regeneration (around neck)
   (You found it on level 3 of the Dungeon)
 z - a +4 ring of evasion (left hand)
   (You found it on level 4 of the Dungeon)
 D - a +6 ring of intelligence {unknown}
   (You found it on level 8 of the Dungeon)
 F - an uncursed ring of ice
   (You found it on level 8 of the Dungeon)
 K - a +4 ring of evasion
   (You found it on level 7 of the Dungeon)
 M - an uncursed ring of ice
   (You took it off an orc warrior in the Ecumenical Temple)
Wands
 e - a wand of disintegration (15)
   (You found it on level 6 of the Dungeon)
 A - a wand of acid (26)
   (You found it on level 5 of the Dungeon)
 I - a wand of iceblast (6)
   (You found it on level 7 of the Dungeon)
 J - a wand of polymorph (4)
   (You found it on level 6 of the Dungeon)
 P - a wand of paralysis (15)
   (You found it on level 3 of the Dungeon)
 V - a wand of flame (20)
   (You took it off Joseph on level 7 of the Dungeon)
Scrolls
 h - 3 scrolls of amnesia
 l - 2 scrolls of enchant weapon
 u - 2 scrolls of enchant armour
 G - 3 scrolls of immolation
 N - 7 scrolls of remove curse {@r2}
 R - 4 scrolls of identify {@r1}
 T - 3 scrolls of teleportation
 W - a scroll of noise {unknown}
 X - a scroll of brand weapon {unknown}
Potions
 d - 2 potions of might
 f - 2 potions of attraction
 g - 2 potions of berserk rage
 m - a potion of heal wounds
 n - a potion of degeneration
 o - a potion of resistance {unknown}
 p - 2 potions of brilliance
 q - 4 potions of lignification
 r - 2 potions of magic
 B - 2 potions of cancellation
 C - a potion of mutation {!q}
 H - 4 potions of haste
 Q - 2 potions of curing {@q1}
Miscellaneous
 S - a tin of tremorstones (inert)
   (Xom gifted it to you on level 10 of the Dungeon)


   Skills:
 + Level 9.4 Fighting
 * Level 12.1 Axes
 + Level 9.5 Armour
 + Level 7.7 Dodging
 + Level 9.3 Shields
 - Level 4.0 Evocations


You had 10 spell levels left.
You didn't know any spells.
Your spell library contained the following spells:

 Spells                   Type           Power        Failure   Level
 Corona                   Hex            0%           99%         1
 Ensorcelled Hibernation  Hex/Ice        0%           100%        2
 Confusing Touch          Hex            0%           100%        3
 Dazzling Flash           Conj/Hex       0%           100%        3
 Tukima's Dance           Hex            0%           100%        3


Dungeon Overview and Level Annotations

Branches:
Dungeon (11/15)            Temple (1/1) D:7            Lair (1/6) D:10
    Orc: D:9-12

Altars:
Ashenzari
Dithmenos
Elyvilon
Kikubaaqudgha
Makhleb
Nemelex Xobeh
Trog
Uskayaw
Xom
Yredelemnul
The Shining One

Annotations:
D:5 1 runed translucent door, Crazy Yiuf
D:10 2 runed translucent doors
Lair:1 Sonja


Innate Abilities, Weirdness & Mutations

You reflexively headbutt those who attack you in melee.
You have a pair of horns on your head.
You are mostly covered in large bone plates. (SH +6)
You are partially covered in yellow scales. (AC +2)
You can translocate small distances at will.
Your flesh is heat resistant. (rF+)
You have an increased reservoir of magic. (+10% MP)
You are extremely strong-willed. (Will+++)
Your system is resistant to poisons. (rPois)
You rapidly evolve.
You expend magic power (3 MP) to strengthen your wands.


Message History

The blink frog blinks!
The soul eater draws from the surrounding life force!
* * * LOW HITPOINT WARNING * * *
The shadow imp hits the fungus.
The shadow imp hits you but does no damage.
You slash the shadow imp! You headbutt the shadow imp.
You kill the shadow imp!
You barely miss the soul eater. You miss the quasit. You hit the bush.
You freeze the bush. You closely miss the iron imp.
You barely miss the shadow imp. The quasit closely misses you.
You furiously retaliate!
You headbutt the quasit!
You block the quasit's attack. x2; The blink frog blinks!
You hit the soul eater but do no damage.
You hit the shadow imp. You hit the iron imp. You slash the bush!
You freeze the bush. You hit the quasit. You freeze the quasit.
You kill the quasit!
The soul eater misses you. You block the iron imp's attack.
You block the shadow imp's attack.
You slash the soul eater! You freeze the soul eater.
Your headbutt misses the soul eater.
The soul eater is moderately wounded.
You slash the shadow imp!
You kill the shadow imp!
You completely miss the iron imp. You hit the bush. You freeze the bush.
You closely miss the shadow imp. The shadow imp barely misses you.
You furiously retaliate!
You headbutt the shadow imp. You block the soul eater's attack.
You block the iron imp's attack.
You hit the soul eater. You freeze the soul eater. You headbutt the soul eater.
The soul eater is heavily wounded.
You hit the iron imp. You freeze the iron imp.
You hit the bush but do no damage. You slash the shadow imp!
You kill the shadow imp!
A nearby fungus withers and dies.
You slash the soul eater! You freeze the soul eater.
Your headbutt misses the soul eater.
The soul eater is heavily wounded.
You slash the bush! You freeze the bush. You hit the iron imp.
The soul eater hits you!
* * * LOW HITPOINT WARNING * * *
You block the iron imp's attack.
You slice the iron imp!! You freeze the iron imp.
You kill the iron imp!
You hit the soul eater. You slash the blink frog!
The blink frog seems to slow down.
You freeze the blink frog. You hit the bush. You freeze the bush.
The soul eater completely misses you.
You slice the blink frog!!
The blink frog seems to slow down.
You freeze the blink frog.
You kill the blink frog!
You hit the soul eater. You hit the bush but do no damage.
The soul eater misses you. You furiously retaliate!
You headbutt the soul eater!
You hit the soul eater but do no damage.
The soul eater is severely wounded.
You hit the bush. You freeze the bush.
You hit the soul eater but do no damage.
The soul eater is severely wounded.
You hit the bush but do no damage.
You feel yourself speed up. You block the soul eater's attack.
You hit the soul eater.
The soul eater is almost dead.
You completely miss the bush. The soul eater closely misses you.
The blink frog blinks!
You hit the soul eater. You headbutt the soul eater.
The soul eater is almost dead.
You hit the bush but do no damage. You closely miss the soul eater.
Your headbutt misses the soul eater.
The soul eater is almost dead.
You slash the bush! You freeze the bush. You block the soul eater's attack.
You hit the soul eater but do no damage.
You headbutt the soul eater, but do no damage.
The soul eater is almost dead.
You hit the bush. You freeze the bush. You slash the soul eater!
You freeze the soul eater.
You kill the soul eater!
You hit the bush but do no damage.
You are no longer berserk.
You are exhausted.
You feel yourself slow down.
Evoke which item? (* to show all) (? for menu, Esc to quit)
Aiming: Paralyse
Press: ? - help, Shift-Dir - straight line, f - blink frog
Aim: a blink frog (moderately wounded, chance to affect: 49%)
You feel a surge of power!
The blink frog suddenly stops moving!
The blink frog gives a loud, deep croak!
The helpless blink frog fails to defend itself.
You slice the blink frog!! You freeze the blink frog!
You kill the blink frog!
The blink frog blinks!
You barely miss the blink frog.
The blink frog is severely wounded.
You block the blink frog's attack. x2
You closely miss the blink frog.
The blink frog is severely wounded.
You block the blink frog's attack. The blink frog hits you!
* * * LOW HITPOINT WARNING * * *
Xom is amused.
The blink frog blinks!
The blink frog hits you.
You die...

#..##.....# #..## #..# #...P#
#...# ##..# #..#####...#
#P..####..##.##..##
.................########
..................##P##.###... #
....#P###..####..............). .
.†..### #..####..................
.†..## #...##..@#####P..#####...
.....####..####F.# ##..# P..
.................# #..# #..
.................######..### #..
.....P#............#..#.F#.##.#..
.#...###.................†††.....
##..####.........................
#..# #............#.###..###.#(.
##P.####.........##### #..# ##..


You could see a blink frog.

Vanquished Creatures
  Pikel (D:7)
  A deep elf mage (D:10)
  Joseph (D:7)
  A black mamba (Lair:1)
  5 elephants (Lair:1)
  2 cane toads (Lair:1)
  A komodo dragon (D:10)
  2 trolls
  3 blink frogs (Lair:1)
  A vampire (D:10)
  A wyvern (D:8)
  A wraith (D:9)
  3 yaks (D:10)
  Menkaure (D:5)
  Edmund (D:5)
  A water moccasin (Lair:1)
  5 orc warriors
  A sky beast (D:4)
  An ice beast (D:10)
  A necrophage (D:8)
  10 ogres
  3 centaurs
  2 big kobolds
  4 bullfrogs
  2 scorpions
  A water moccasin skeleton (D:9)
  3 killer bees (D:10)
  11 wights
  5 howler monkeys
  A centaur zombie (D:7)
  3 bullfrog zombies (D:10)
  5 hounds
  2 bullfrog skeletons (D:8)
  7 orc priests
  Jessica (D:3)
  4 iguanas
  7 orc wizards
  5 worker ants
  A hound zombie (D:10)
  A hound skeleton (D:4)
  3 gnolls (D:4)
  8 adders
  3 white imps
  3 ufetubi
  An ooze (D:2)
  An adder zombie (D:7)
  3 worms
  3 leopard geckos
  33 orcs
  A ball python (D:6)
  7 bats
  A giant cockroach (D:5)
  10 goblins
  9 hobgoblins
  3 jackals (D:3)
  6 quokkas
  8 frilled lizards
  A jackal skeleton (D:6)
  15 kobolds
  A leopard gecko skeleton (D:7)
  9 rats
241 creatures vanquished.

Vanquished Creatures (collateral kills)
  A centaur zombie (D:10)
  A wyvern (D:10)
  A phantom (D:8)
  3 orc wizards
6 creatures vanquished.

Vanquished Creatures (others)
  23 fungi
  24 plants
47 creatures vanquished.

Grand Total: 294 creatures vanquished

Notes
Turn   | Place    | Note
-------+----------+-------------------------------------------
     0 | D:1      | Dani the Minotaur Fighter began the quest for the Orb.
     0 | D:1      | Reached XP level 1. HP: 19/19 MP: 0/0
   274 | D:1      | Reached XP level 2. HP: 27/27 MP: 1/1
   736 | D:1      | Reached skill level 3 in Axes
  1052 | D:2      | Reached skill level 1 in Dodging
  1105 | D:2      | Reached skill level 4 in Fighting
  1105 | D:2      | Reached XP level 3. HP: 27/33 MP: 2/2
  1238 | D:2      | Reached skill level 4 in Armour
  1248 | D:2      | Reached skill level 4 in Shields
  1624 | D:2      | Reached XP level 4. HP: 40/40 MP: 3/3
  1932 | D:3      | Noticed Jessica
  1937 | D:3      | Killed Jessica
  2496 | D:4      | Reached skill level 4 in Axes
  2499 | D:4      | Reached XP level 5. HP: 40/47 MP: 4/4
  2637 | D:4      | Reached skill level 2 in Dodging
  2845 | D:4      | Noticed an ogre
  2854 | D:4      | Killed an ogre
  2855 | D:4      | Reached XP level 6. HP: 28/53 MP: 5/5
  3116 | D:4      | Reached skill level 5 in Axes
  3203 | D:4      | Reached skill level 5 in Fighting
  3203 | D:4      | Reached skill level 5 in Armour
  3481 | D:4      | Reached skill level 5 in Shields
  3580 | D:5      | Entered Level 5 of the Dungeon
  3580 | D:5      | Noticed a sky beast
  3584 | D:5      | Reached XP level 7. HP: 61/61 MP: 6/6
  3608 | D:4      | Reached skill level 3 in Dodging
  3614 | D:4      | HP: 15/61 [ogre/+0 giant club (6)]
  3616 | D:4      | Reached skill level 6 in Axes
  3870 | D:5      | Noticed Menkaure
  3877 | D:5      | Killed Menkaure
  4114 | D:5      | Noticed Edmund
  4126 | D:5      | Killed Edmund
  4127 | D:5      | Reached XP level 8. HP: 70/70 MP: 7/7
  4176 | D:5      | Found a white marble altar of Elyvilon.
  4245 | D:5      | Reached skill level 1 in Evocations
  4373 | D:5      | Got a heavily runed leather armour
  4394 | D:5      | Found a runed translucent door.
  4395 | D:5      | Noticed Crazy Yiuf
  4569 | D:5      | Identified the +1 leather armour of Disaster {Int+3} (You
                  | found it on level 5 of the Dungeon)
  4605 | D:6      | Reached skill level 6 in Armour
  4608 | D:6      | Reached skill level 6 in Fighting
  4608 | D:6      | Reached skill level 7 in Axes
  4608 | D:6      | Reached skill level 4 in Dodging
  4610 | D:6      | Reached skill level 6 in Shields
  5180 | D:6      | Reached skill level 2 in Evocations
  5551 | D:7      | Noticed Pikel
  5560 | D:7      | Killed Pikel
  5561 | D:7      | Reached skill level 8 in Axes
  5561 | D:7      | Reached XP level 9. HP: 38/78 MP: 8/8
  5746 | D:7      | Found a staircase to the Ecumenical Temple.
  5752 | D:7      | Noticed Joseph
  5756 | Temple   | Entered the Ecumenical Temple
  5819 | Temple   | Became a worshipper of Xom the Unpredictable
  5863 | D:7      | Killed Joseph
  5864 | D:7      | Reached skill level 7 in Fighting
  5864 | D:7      | Reached skill level 7 in Armour
  5864 | D:7      | Reached skill level 5 in Dodging
  5870 | D:7      | XOM: silly message
  6072 | D:7      | XOM: silly message
  6598 | D:7      | Reached skill level 7 in Shields
  6946 | Temple   | XOM: silly message
  7270 | D:7      | Reached skill level 3 in Evocations
  7275 | D:7      | Reached skill level 9 in Axes
  7370 | D:7      | XOM: summons friendly sun demon
  7381 | D:7      | Found a broken altar of Ashenzari.
  7662 | D:7      | XOM: give mutations
  7662 | D:7      | Gained mutation: You are partially covered in large bone
                  | plates. (SH +4) [Xom's mischief]
  7662 | D:7      | Gained mutation: You are partially covered in rugged brown
                  | scales. (AC +1, +3% HP) [Xom's mischief]
  7662 | D:7      | Gained mutation: Your mind is acute. (Int +2) [Xom's
                  | mischief]
  8161 | D:7      | XOM is BORED!
  8161 | D:7      | XOM: summons 4 hostile shadow creatures
  8165 | D:7      | XOM: god gift: 3 scrolls labelled FENUSI PIUSTRIT {god
                  | gift}
  8167 | D:7      | XOM: snakes to sticks
 10387 | D:7      | XOM: summons 5 hostile demons
 10388 | D:7      | XOM: give mutation
 10388 | D:7      | Gained mutation: You are partially covered in yellow
                  | scales. (AC +2) [Xom's grace]
 10505 | D:7      | XOM: give mutation
 10505 | D:7      | Gained mutation: You have large cloven feet. [Xom's grace]
 10757 | D:8      | Got a transparent amber ring
 10774 | D:8      | XOM: god gift: broad axe {god gift}
 10777 | D:8      | Identified the ring "Lonafumn" {rF+ Will+} (You found it on
                  | level 8 of the Dungeon)
 11095 | D:8      | XOM: 3-stop teleportation journey
 11097 | D:8      | XOM: summons 5 hostile demons
 11102 | D:8      | XOM: swap monsters
 11108 | D:8      | Reached XP level 10. HP: 58/90 MP: 9/9
 11164 | D:8      | XOM: give mutation
 11164 | D:8      | Lost mutation: You are partially covered in rugged brown
                  | scales. (AC +1, +3% HP) [Xom's mischief]
 11287 | D:8      | XOM: give mutation
 11287 | D:8      | Gained mutation: You are clumsy. (Dex -2) [Xom's mischief]
 11365 | D:8      | XOM: 1-stop teleportation journey
 11408 | D:8      | XOM: give mutations
 11408 | D:8      | Gained mutation: You are weak. (Str -2) [Xom's mischief]
 11408 | D:8      | Lost mutation: Your mind is acute. (Int +2) [Xom's
                  | mischief]
 11408 | D:8      | Lost mutation: You are clumsy. (Dex -2) [Xom's mischief]
 12183 | D:8      | XOM: summons 3 hostile demons
 12444 | D:8      | XOM: 1-stop teleportation journey
 12860 | D:8      | XOM: divination: detect items
 13047 | D:8      | XOM is BORED!
 13047 | D:8      | XOM: give mutations
 13047 | D:8      | Gained mutation: You are frail. (-10% HP) [Xom's mischief]
 13047 | D:8      | Gained mutation: You are clumsy. (Dex -2) [Xom's mischief]
 13370 | D:8      | Found a glowing golden altar of the Shining One.
 13377 | D:8      | Found a burning altar of Makhleb.
 13384 | D:8      | XOM: give mutations
 13384 | D:8      | Gained mutation: You are mostly covered in large bone
                  | plates. (SH +6) [Xom's grace]
 13384 | D:8      | Gained mutation: You can translocate small distances at
                  | will. [Xom's grace]
 13819 | D:9      | Reached skill level 6 in Dodging
 13852 | D:9      | Found an ancient bone altar of Kikubaaqudgha.
 13852 | D:9      | Found a shadowy altar of Dithmenos.
 13853 | D:9      | XOM: stat loss: -1 Int (5/6)
 13890 | D:9      | Reached skill level 10 in Axes
 13890 | D:9      | Reached skill level 8 in Armour
 14069 | D:9      | XOM: god gift: 30 gold pieces
 14083 | D:9      | XOM: scenery: 2 doors open, 1 doors close
 14216 | D:9      | XOM: divination: magic mapping
 14491 | D:9      | XOM is BORED!
 14491 | D:9      | XOM: stat loss: -1 Dex (7/8)
 14561 | D:9      | XOM: cloud trail
 14758 | D:9      | XOM: scenery: 1 doors open, 3 doors close
 15223 | D:9      | XOM: god gift: 22 stones
 15489 | D:9      | XOM: give mutations
 15489 | D:9      | Gained mutation: You passively map a small area around you.
                  | [Xom's grace]
 15489 | D:9      | Gained mutation: You are strong-willed. (Will+) [Xom's
                  | grace]
 15794 | D:9      | XOM: cloud trail
 16101 | D:9      | XOM: divination: magic mapping
 16217 | D:9      | XOM is BORED!
 16365 | D:9      | Found the +3 giant club "Skullcrusher" {speed, Str+7}
 16365 | D:9      | XOM: 7-stop teleportation journey
 17011 | D:9      | XOM: give mutations
 17011 | D:9      | Gained mutation: Your mind is acute. (Int +2) [Xom's grace]
 17011 | D:9      | Gained mutation: You are highly strong-willed. (Will++)
                  | [Xom's grace]
 17011 | D:9      | Lost mutation: You are weak. (Str -2) [Xom's grace]
 17011 | D:9      | Gained mutation: Your natural rate of healing is unusually
                  | fast. [Xom's grace]
 18147 | D:9      | XOM: cloud trail
 19530 | D:9      | XOM: god gift: glowing bardiche {god gift}
 20152 | D:9      | XOM: 2-stop teleportation journey
 20163 | D:9      | Reached skill level 4 in Evocations
 20372 | D:9      | XOM: 1-stop teleportation journey
 20692 | D:9      | XOM: give mutations
 20692 | D:9      | Lost mutation: You are clumsy. (Dex -2) [Xom's grace]
 20692 | D:9      | Gained mutation: Your flesh is heat resistant. (rF+) [Xom's
                  | grace]
 21047 | D:9      | XOM: give mutations
 21047 | D:9      | Gained mutation: Your skin changes colour to match your
                  | surroundings (Stealth+). [Xom's grace]
 21047 | D:9      | Gained mutation: Your flesh is cold resistant. (rC+) [Xom's
                  | grace]
 21047 | D:9      | Gained mutation: Your system is resistant to poisons.
                  | (rPois) [Xom's grace]
 21047 | D:9      | Gained mutation: You are extremely strong-willed. (Will+++)
                  | [Xom's grace]
 21404 | D:9      | Found a bloodstained altar of Trog.
 21404 | D:9      | XOM: 8-stop teleportation journey
 21647 | D:9      | XOM: 9-stop teleportation journey
 21760 | D:9      | XOM: silly message
 22469 | D:9      | XOM: 4-stop teleportation journey
 23110 | D:9      | XOM: 1-stop teleportation journey
 23234 | D:9      | XOM is BORED!
 23432 | D:9      | XOM: noise
 23999 | D:9      | XOM: 5-stop teleportation journey
 24713 | D:9      | XOM: silly message
 25518 | D:9      | XOM: 3-stop teleportation journey
 25667 | D:9      | XOM: summons 1 hostile demon
 25690 | D:9      | XOM: give mutations
 25690 | D:9      | Lost mutation: You are frail. (-10% HP) [Xom's mischief]
 25690 | D:9      | Lost mutation: Your mind is acute. (Int +2) [Xom's
                  | mischief]
 25690 | D:9      | Lost mutation: You have large cloven feet. [Xom's mischief]
 25934 | D:9      | XOM: summons 6 hostile demons
 25935 | D:9      | Noticed a sun demon
 26024 | D:9      | XOM: 6-stop teleportation journey
 27158 | D:9      | XOM: draining
 27329 | D:9      | XOM is BORED!
 27329 | D:9      | XOM: summons 6 hostile demons
 27609 | D:9      | XOM: cloud trail
 27666 | D:9      | XOM: give mutations
 27666 | D:9      | Gained mutation: Your flesh is very heat resistant. (rF++)
                  | [Xom's grace]
 27666 | D:9      | Gained mutation: You expend magic power (3 MP) to
                  | strengthen your wands. [Xom's grace]
 27666 | D:9      | Gained mutation: You have sharp toenails. [Xom's grace]
 27666 | D:9      | Gained mutation: Your spells are a little harder to cast,
                  | but a little more powerful. [Xom's grace]
 28157 | D:9      | XOM: give mutations
 28157 | D:9      | Gained mutation: Your flesh is almost immune to the effects
                  | of heat. (rF+++) [Xom's grace]
 28157 | D:9      | Gained mutation: Your muscles are strong. (Str +2) [Xom's
                  | grace]
 28173 | D:9      | XOM: scenery: summon butterflies
 28521 | D:9      | XOM: divination: magic mapping
 28906 | D:9      | XOM: silly message
 29198 | D:9      | Reached skill level 8 in Fighting
 29789 | D:9      | XOM: divination: detect creatures
 30147 | D:9      | XOM: silly message
 30194 | D:9      | XOM: summons 3 hostile shadow creatures
 30946 | D:9      | XOM: give mutation
 30946 | D:9      | Lost mutation: You have sharp toenails. [Xom's mischief]
 31283 | D:9      | XOM is BORED!
 31433 | D:10     | Entered Level 10 of the Dungeon
 31439 | D:10     | XOM: summons friendly quasit
 31441 | D:10     | Reached skill level 8 in Shields
 31677 | D:10     | XOM: scenery: 1 doors open, 1 doors close
 31881 | D:10     | XOM: 2-stop teleportation journey
 31940 | D:10     | XOM: enchant monster (bad)
 32016 | D:10     | XOM: give mutation
 32016 | D:10     | Lost mutation: Your spells are a little harder to cast, but
                  | a little more powerful. [Xom's mischief]
 32099 | D:10     | XOM: 2-stop teleportation journey
 32487 | D:10     | XOM: scenery: create altars
 32608 | D:10     | XOM: god gift: short sword {god gift}
 33521 | D:10     | XOM: noise
 33713 | D:10     | XOM: stat loss: -1 Int (5/6)
 34096 | D:10     | XOM: 6-stop teleportation journey
 34146 | D:10     | Reached skill level 11 in Axes
 34508 | D:10     | XOM: torment (46/90 hp)
 34621 | D:10     | XOM: god gift: potion of heal wounds
 34829 | D:10     | XOM: scenery: create altars
 34937 | D:10     | XOM: give mutations
 34937 | D:10     | Gained mutation: You have a pair of large horns on your
                  | head. [Xom's grace]
 34937 | D:10     | Gained mutation: Your mind is acute. (Int +2) [Xom's grace]
 36056 | D:10     | XOM: potion effect (might)
 36112 | D:10     | XOM: scenery: 1 doors open, 1 doors close
 36139 | D:10     | XOM: cloud trail
 36422 | D:10     | XOM: 1-stop teleportation journey
 36547 | D:10     | XOM: summons 6 hostile demons
 36837 | D:10     | XOM: noise
 36879 | D:10     | XOM: 1-stop teleportation journey
 37095 | D:10     | XOM: give mutations
 37095 | D:10     | Lost mutation: Your natural rate of healing is unusually
                  | fast. [Xom's mischief]
 37095 | D:10     | Lost mutation: Your flesh is almost immune to the effects
                  | of heat. (rF+++) [Xom's mischief]
 37375 | D:10     | XOM is BORED!
 37375 | D:10     | XOM: give mutations
 37375 | D:10     | Lost mutation: You passively map a small area around you.
                  | [Xom's mischief]
 37375 | D:10     | Lost mutation: Your skin changes colour to match your
                  | surroundings (Stealth+). [Xom's mischief]
 37942 | D:10     | XOM: 4-stop teleportation journey
 37944 | D:10     | XOM: 5-stop teleportation journey
 38592 | D:10     | XOM: 2-stop teleportation journey
 38635 | D:10     | XOM is BORED!
 38635 | D:10     | XOM: give mutations
 38635 | D:10     | Lost mutation: Your muscles are strong. (Str +2) [Xom's
                  | mischief]
 38635 | D:10     | Lost mutation: You have a pair of large horns on your head.
                  | [Xom's mischief]
 39438 | D:10     | XOM: give mutations
 39438 | D:10     | Lost mutation: Your mind is acute. (Int +2) [Xom's
                  | mischief]
 39438 | D:10     | Lost mutation: You expend magic power (3 MP) to strengthen
                  | your wands. [Xom's mischief]
 39438 | D:10     | Lost mutation: Your flesh is cold resistant. (rC+) [Xom's
                  | mischief]
 39438 | D:10     | Lost mutation: Your flesh is very heat resistant. (rF++)
                  | [Xom's mischief]
 40216 | D:10     | XOM: silly message
 40332 | D:10     | XOM: silly message
 40567 | D:10     | XOM: silly message
 40577 | D:10     | XOM: divination: detect creatures
 40620 | D:10     | XOM: silly message
 41339 | D:10     | XOM: divination: detect items
 41374 | D:10     | XOM is BORED!
 41965 | D:10     | XOM: noise
 43121 | D:10     | XOM: god gift: tin of tremorstones (2/2)
 44450 | D:10     | XOM: cloud trail
 44617 | D:10     | XOM: silly message
 44684 | D:10     | XOM: divination: magic mapping
 44786 | D:10     | Found a staircase to the Lair.
 44807 | D:10     | XOM: give mutations
 44807 | D:10     | Gained mutation: You expend magic power (3 MP) to
                  | strengthen your wands. [Xom's grace]
 44807 | D:10     | Gained mutation: You evolve. [Xom's grace]
 44807 | D:10     | Gained mutation: You rapidly evolve. [Xom's grace]
 44807 | D:10     | Gained mutation: You have an increased reservoir of magic.
                  | (+10% MP) [Xom's grace]
 45027 | D:10     | Noticed a deep elf mage
 45036 | D:10     | Reached skill level 7 in Dodging
 45045 | D:10     | Killed a deep elf mage
 45046 | D:10     | Reached skill level 9 in Armour
 45056 | D:10     | Found a large runed translucent door.
 45057 | D:10     | Found a large runed translucent door.
 45104 | D:10     | Reached XP level 11. HP: 91/95 MP: 11/11
 45231 | D:10     | Noticed an eight-headed hydra
 45231 | D:10     | Noticed a stone giant
 45285 | Lair:1   | Entered Level 1 of the Lair of Beasts
 45338 | Lair:1   | Reached skill level 9 in Fighting
 45393 | Lair:1   | Reached skill level 9 in Shields
 45413 | Lair:1   | XOM: confusion
 45418 | Lair:1   | XOM: enchant monster (good)
 45433 | Lair:1   | XOM: confusion (+ monsters)
 45434 | Lair:1   | Reached skill level 12 in Axes
 45437 | Lair:1   | XOM: draining
 45440 | Lair:1   | HP: 18/83 [elephant (5)]
 45447 | Lair:1   | XOM: 1-stop teleportation journey
 45447 | Lair:1   | Noticed Sonja
 45451 | Lair:1   | HP: 14/89 [asphyx]
 45457 | Lair:1   | XOM: summons 6 hostile demons
 45458 | Lair:1   | Noticed a soul eater
 45460 | Lair:1   | HP: 19/129 [soul eater/drain life[Xom] (16)]
 45465 | Lair:1   | HP: 12/129 [soul eater[Xom] (8)]
 45483 | Lair:1   | HP: 4/89 [blink frog (8)]
 45484 | Lair:1   | Slain by a blink frog

Illustrated notes

Levels and vault maps discovered:
D:1:      dpeg_arrival_another_circle, layout_loops_corners,
          hangedman_abyss_or_decor_stabs
D:2:      layout_loops_ring
D:3:      layout_loops_ring, uniq_jessica
D:4:      layout_basic, hex_intersection
D:5:      layout_cave_pools, elyvilon_altar_3, uniq_crazy_yiuf_cottage,
          uniq_menkaure, uniq_edmund
D:6:      layout_cave_pods, serial_column_ruins, column_ruins_square_large,
          column_ruins_hut_water, column_ruins_corridor_straight,
          column_ruins_open_tiny, column_ruins_grid_1,
          column_ruins_columns_plus, column_ruins_columns_dead_end,
          column_ruins_open_small
D:7:      layout_loops_ring, minmay_temple_entry_sparse_star, basic_altar,
          serial_rivers, chequers_serial_rivers_room_b,
          chequers_serial_rivers_small_a, chequers_serial_rivers_micro_a,
          chequers_serial_rivers_large_a, chequers_serial_rivers_room_b,
          uniq_pikel, uniq_joseph
D:8:      layout_basic, amethyst_overflow_temple_binary
D:9:      layout_basic, grunt_temple_overflow_open,
          chequers_serial_rivers_micro_b, trog_hazing_becter
D:10:     layout_roguey, grunt_lair_entry_orc_guard_hut,
          minmay_misc_feat_more_columns, jmf_multi_god_temple2
D:11:     layout_loops_cross
Temple:   dpeg_five_rooms_temple
Lair:1:   layout_small_grid, lemuel_fruit_tree, uniq_sonja

Skill      XL: |  1  2  3  4  5  6  7  8  9 10 11 |
---------------+----------------------------------+-----
Axes           | 3 4 5 6 8 9 11 12 | 12.1
Dodging        | 1 2 3 4 5 7 |  7.7
Fighting       | 4 5 6 7 8 9 |  9.4
Armour         | 4 5 6 7 9 |  9.5
Shields        | 4 5 6 7 8 9 |  9.3
Evocations     | 2 3 4 |  4.0

Action                   |  1- 3 |  4- 6 |  7- 9 | 10-12 || total
-------------------------+-------+-------+-------+-------++-------
Melee: War axe           |    64 |   131 |    80 |       ||   275
       Headbutt          |     8 |    19 |    48 |    70 ||   145
       Hand axe          |       |       |   227 |   346 ||   573
 Abil: Blink             |       |       |       |     1 ||     1
Evoke: Wand              |       |       |     2 |     1 ||     3
       Tin of tremorston |       |       |       |     2 ||     2
  Use: Scroll            |       |       |    22 |     1 ||    23
       Potion            |       |       |       |     2 ||     2
 Stab: Paralysed         |       |       |     2 |     1 ||     3
       Confused          |       |       |     1 |       ||     1
       Distracted        |       |       |       |     2 ||     2
       Sleeping          |       |       |       |     2 ||     2
Armor: Scale mail        |    25 |    13 |       |       ||    38
       Chain mail        |       |    59 |    96 |    92 ||   247
Dodge: Dodged            |    29 |    36 |    96 |   129 ||   290
Block: Kite shield       |    32 |    68 |   164 |   257 ||   521

Table legend: (Time is in decaauts)
 A = Elapsed time spent in this place.
 B = Non-inter-level travel time spent in this place.
 C = Inter-level travel time spent in this place.
 D = Time resting spent in this place.
 E = Time spent auto-exploring this place.
 F = Levels seen in this place.
 G = Mean time per level.
                   A        B        C        D        E       F      G
               +--------+--------+--------+--------+--------+-----+--------+
         Total |  45534 |  45108 |    426 |  36335 |   7136 |  13 | 3502.6 |
       Dungeon |  44596 |  44200 |    396 |  35689 |   7003 |  11 | 4054.2 |
        Temple |    752 |    722 |     30 |    646 |     59 |   1 |  752.0 |
          Lair |    185 |    185 |      0 |      0 |     74 |   1 |  185.0 |
               +--------+--------+--------+--------+--------+-----+--------+

Top non-repeatable levels by time:
     D:9: 17614 daAuts
    D:10: 13827 daAuts
     D:7: 4514 daAuts
     D:8: 3058 daAuts
     D:4: 1374 daAuts
     D:1: 992 daAuts
     D:6: 888 daAuts
     D:5: 782 daAuts
     D:2: 777 daAuts
     D:3: 765 daAuts
  Temple: 752 daAuts
  Lair:1: 185 daAuts
    D:11: 1 daAuts

Table legend:
 A = Kills in this place as a percentage of kills in entire the game.
 B = Kills by you in this place as a percentage of kills by you in the entire game.
 C = Kills by friends in this place as a percentage of kills by friends in the entire game.
 D = Other kills in this place as a percentage of other kills in the entire game.
 E = Experience gained in this place as a percentage of experience gained in the entire game.
 F = Experience gained in this place divided by the number of levels of this place that you have seen.
                   A       B       C       D       E      F
               +-------+-------+-------+-------+-------+----------------------
         Total | 100.0 | 100.0 | 100.0 |   N/A | 100.0 | 1209.1
       Dungeon |  93.9 |  93.8 | 100.0 |   N/A |  69.3 | 990.8
        Temple |   0.4 |   0.4 |   0.0 |   N/A |   0.8 | 130.0
          Lair |   5.7 |   5.8 |   0.0 |   N/A |  29.8 | 4689.0
               +-------+-------+-------+-------+-------+----------------------
